1868 views
Uploaded 2023-08-15 02:05:22
Game version 1.36 (6115)
17:46 long 3on3 ladder game on (6)Monsoon_LV
Saved by GIGA
1868 views
Uploaded 2023-08-15 02:05:22
Game version 1.36 (6115)
17:46 long 3on3 ladder game on (6)Monsoon_LV


70 units @ 6k
/ 0.3k
107 buildings @ 7.7k
/ 3.3k

| Healing Salve | 1 | 100 |
| Lesser Clarity Potion | 1 | 70 |
| Scroll of Speed | 1 | 50 |
| Orb of Lightning | 1 | 375 |
| Scroll of Town Portal | 1 | 350 |
| Boots of Speed | 1 | 250 |
| Staff of Teleportation | 1 | 150 |
| Circlet of Nobility | 1 | 175 |
| total: | 8 | 1520g |
| Peon | 16 | 1200 | / | 0 |
| Grunt | 3 | 600 | / | 0 |
| total: | 19 | 1800g | / | 0w |
| Altar of Storms | 1 | 180 | / | 50 |
| Orc Burrow | 4 | 640 | / | 160 |
| Barracks | 1 | 180 | / | 50 |
| Voodoo Lounge | 3 | 390 | / | 90 |
| Great Hall | 1 | 385 | / | 185 |
| Spirit Lodge | 1 | 150 | / | 150 |
| Stronghold | 1 | 315 | / | 190 |
| Fortress | 1 | 325 | / | 190 |
| total: | 11 | 1925g | / | 685w |
| 0:02 | Peon |
| 0:02 | Peon |
| 0:05 | Altar of Storms |
| 0:08 | Orc Burrow |
| 0:14 | Peon |
| 0:32 | Peon |
| 0:53 | Peon |
| 1:01 | Peon |
| 1:06 | Barracks |
| 1:13 | Peon |
| 1:33 | Orc Burrow |
| 1:37 | Peon |
| 1:51 | Peon |
| 2:05 | Peon |
| 2:19 | Wind Walk |
| 2:21 | Peon |
| 2:30 | Grunt |
| 2:35 | Orc Burrow |
| 2:56 | Peon |
| 2:56 | Peon |
| 2:56 | Peon |
| 3:00 | Grunt |
| 3:54 | Voodoo Lounge |
| 4:22 | Peon |
| 4:23 | Peon |
| 4:35 | Critical Strike |
| 5:24 | Grunt |
| 5:29 | Great Hall |
| 5:41 | Healing Salve |
| 5:48 | Lesser Clarity Potion |
| 5:50 | Scroll of Speed |
| 7:24 | Voodoo Lounge |
| 8:40 | Stronghold |
| 9:13 | Wind Walk |
| 9:47 | Boots of Speed |
| 9:47 | Staff of Teleportation |
| 9:50 | Circlet of Nobility |
| 12:05 | Voodoo Lounge |
| 12:11 | Fortress |
| 13:34 | Critical Strike |
| 13:44 | Scroll of Town Portal |
| 14:33 | Orb of Lightning |
| 16:46 | Orc Burrow |
| 17:27 | Spirit Lodge |
| Right click | 1178 |
| Select | 213 |
| Resource trade | 79 |
| Build/train/purchase | 63 |
| Select group | 33 |
| Misc. action | 15 |
| Use ability | 9 |
| Minimap ping | 9 |
| Item give/drop | 6 |
| Assign group | 3 |
| Esc | 2 |


| Dust of Appearance | 1 | 75 |
| Healing Salve | 1 | 100 |
| total: | 2 | 175g |
| Peasant | 10 | 750 | / | 0 |
| Mortar Team | 1 | 180 | / | 70 |
| Flying Machine | 9 | 900 | / | 270 |
| total: | 20 | 1830g | / | 340w |
| Scout Tower | 18 | 540 | / | 360 |
| Arcane Tower | 1 | 70 | / | 50 |
| Guard Tower | 5 | 350 | / | 250 |
| Altar of Kings | 2 | 360 | / | 100 |
| Farm | 14 | 1120 | / | 280 |
| Lumber Mill | 1 | 120 | / | 0 |
| Arcane Vault | 1 | 130 | / | 30 |
| Blacksmith | 1 | 140 | / | 60 |
| Workshop | 3 | 420 | / | 420 |
| Keep | 1 | 320 | / | 210 |
| Castle | 1 | 360 | / | 210 |
| total: | 40 | 2830g | / | 1250w |
| 0:03 | Peasant |
| 0:07 | Altar of Kings |
| 0:09 | Peasant |
| 0:19 | Farm |
| 0:20 | Peasant |
| 0:34 | Lumber Mill |
| 0:36 | Peasant |
| 0:45 | Farm |
| 0:50 | Peasant |
| 1:07 | Peasant |
| 1:16 | Scout Tower |
| 1:19 | Scout Tower |
| 1:21 | Peasant |
| 1:41 | Peasant |
| 2:01 | Peasant |
| 2:07 | Arcane Tower |
| 2:11 | Storm Bolt |
| 2:18 | Peasant |
| 2:33 | Keep |
| 3:28 | Improved Lumber Harvesting |
| 3:32 | Scout Tower |
| 3:53 | Altar of Kings |
| 3:54 | Arcane Vault |
| 4:04 | Scout Tower |
| 4:14 | Scout Tower |
| 4:18 | Guard Tower |
| 4:20 | Blacksmith |
| 4:27 | Farm |
| 4:29 | Improved Masonry |
| 4:50 | Guard Tower |
| 4:56 | Castle |
| 5:33 | Guard Tower |
| 5:42 | Dust of Appearance |
| 5:54 | Black Gunpowder |
| 5:58 | Holy Light |
| 6:51 | Bash |
| 6:55 | Refined Gunpowder |
| 7:19 | Workshop |
| 7:20 | Workshop |
| 7:23 | Workshop |
| 8:33 | Flak Cannons |
| 8:33 | Fragmentation Shards |
| 8:33 | Flare |
| 8:34 | Flying Machine Bombs |
| 8:35 | Advanced Lumber Harvesting |
| 8:36 | Advanced Masonry |
| 8:46 | Imbued Gunpowder |
| 9:02 | Farm |
| 9:04 | Farm |
| 9:05 | Farm |
| 9:13 | Scout Tower |
| 9:14 | Scout Tower |
| 9:15 | Scout Tower |
| 9:16 | Scout Tower |
| 9:52 | Mortar Team |
| 10:08 | Divine Shield |
| 10:09 | Bash |
| 10:20 | Guard Tower |
| 11:14 | Guard Tower |
| 12:05 | Healing Salve |
| 12:10 | Flying Machine |
| 12:10 | Flying Machine |
| 12:10 | Flying Machine |
| 12:10 | Flying Machine |
| 12:11 | Flying Machine |
| 12:11 | Flying Machine |
| 12:11 | Flying Machine |
| 13:40 | Farm |
| 13:40 | Farm |
| 13:40 | Farm |
| 13:41 | Farm |
| 13:42 | Farm |
| 13:42 | Farm |
| 13:43 | Farm |
| 13:43 | Farm |
| 14:06 | Iron Plating |
| 14:22 | Flying Machine |
| 14:22 | Flying Machine |
| 14:29 | Storm Bolt |
| 15:55 | Holy Light |
| 16:05 | Steel Plating |
| 16:21 | Imbued Masonry |
| 16:56 | Scout Tower |
| 17:01 | Scout Tower |
| 17:01 | Scout Tower |
| 17:02 | Scout Tower |
| 17:03 | Scout Tower |
| 17:03 | Scout Tower |
| 17:04 | Scout Tower |
| 17:17 | Scout Tower |
| 17:18 | Scout Tower |
| Right click | 798 |
| Select | 202 |
| Select group | 171 |
| Misc. action | 63 |
| Build/train/purchase | 62 |
| Use ability | 40 |
| Assign group | 6 |
| Resource trade | 6 |
| Item give/drop | 1 |


| Peasant | 31 | 2325 | / | 0 |
| total: | 31 | 2325g | / | 0w |
| Scout Tower | 46 | 1380 | / | 920 |
| Arcane Tower | 10 | 700 | / | 500 |
| Guard Tower | 15 | 1050 | / | 750 |
| Altar of Kings | 4 | 720 | / | 200 |
| Farm | 4 | 320 | / | 80 |
| Lumber Mill | 1 | 120 | / | 0 |
| Town Hall | 1 | 385 | / | 205 |
| Keep | 2 | 640 | / | 420 |
| Castle | 1 | 360 | / | 210 |
| total: | 56 | 2925g | / | 1405w |
| 0:04 | Altar of Kings |
| 0:06 | Altar of Kings |
| 0:09 | Farm |
| 0:10 | Peasant |
| 0:18 | Peasant |
| 0:25 | Peasant |
| 0:30 | Peasant |
| 0:36 | Peasant |
| 0:49 | Peasant |
| 0:55 | Lumber Mill |
| 0:58 | Peasant |
| 1:11 | Farm |
| 1:15 | Peasant |
| 1:25 | Peasant |
| 1:34 | Scout Tower |
| 1:36 | Peasant |
| 1:54 | Farm |
| 1:59 | Improved Lumber Harvesting |
| 2:26 | Storm Bolt |
| 2:29 | Arcane Tower |
| 2:30 | Peasant |
| 3:26 | Scout Tower |
| 3:27 | Scout Tower |
| 3:29 | Scout Tower |
| 3:34 | Scout Tower |
| 3:38 | Scout Tower |
| 3:40 | Scout Tower |
| 3:42 | Scout Tower |
| 3:47 | Peasant |
| 3:47 | Peasant |
| 3:47 | Peasant |
| 4:01 | Scout Tower |
| 4:03 | Scout Tower |
| 4:05 | Scout Tower |
| 4:07 | Guard Tower |
| 4:14 | Peasant |
| 4:24 | Scout Tower |
| 4:25 | Scout Tower |
| 4:25 | Scout Tower |
| 4:27 | Guard Tower |
| 4:31 | Guard Tower |
| 4:37 | Improved Masonry |
| 4:50 | Town Hall |
| 4:55 | Guard Tower |
| 5:10 | Arcane Tower |
| 5:14 | Guard Tower |
| 5:16 | Guard Tower |
| 5:17 | Guard Tower |
| 6:43 | Peasant |
| 6:44 | Peasant |
| 7:01 | Peasant |
| 7:01 | Peasant |
| 7:20 | Peasant |
| 7:44 | Keep |
| 8:08 | Keep |
| 8:46 | Scout Tower |
| 8:46 | Scout Tower |
| 8:47 | Scout Tower |
| 8:48 | Scout Tower |
| 8:48 | Scout Tower |
| 8:49 | Scout Tower |
| 8:51 | Scout Tower |
| 8:54 | Scout Tower |
| 8:55 | Scout Tower |
| 8:56 | Scout Tower |
| 8:57 | Scout Tower |
| 8:58 | Scout Tower |
| 8:59 | Scout Tower |
| 9:01 | Scout Tower |
| 9:02 | Scout Tower |
| 9:02 | Scout Tower |
| 9:26 | Arcane Tower |
| 9:51 | Arcane Tower |
| 10:00 | Arcane Tower |
| 10:17 | Arcane Tower |
| 10:23 | Arcane Tower |
| 10:35 | Advanced Masonry |
| 10:37 | Castle |
| 10:46 | Scout Tower |
| 10:47 | Scout Tower |
| 10:48 | Scout Tower |
| 10:48 | Scout Tower |
| 10:51 | Guard Tower |
| 11:08 | Guard Tower |
| 11:23 | Guard Tower |
| 11:34 | Devotion Aura |
| 11:45 | Altar of Kings |
| 11:57 | Guard Tower |
| 11:58 | Guard Tower |
| 12:03 | Scout Tower |
| 12:04 | Scout Tower |
| 12:07 | Scout Tower |
| 12:07 | Scout Tower |
| 12:49 | Altar of Kings |
| 13:23 | Guard Tower |
| 13:24 | Arcane Tower |
| 13:26 | Scout Tower |
| 13:29 | Scout Tower |
| 13:32 | Peasant |
| 13:32 | Peasant |
| 13:32 | Peasant |
| 13:36 | Imbued Masonry |
| 13:53 | Scout Tower |
| 13:55 | Scout Tower |
| 14:04 | Farm |
| 14:12 | Arcane Tower |
| 14:31 | Arcane Tower |
| 15:36 | Scout Tower |
| 15:36 | Scout Tower |
| 15:40 | Scout Tower |
| 15:41 | Peasant |
| 15:41 | Peasant |
| 15:41 | Peasant |
| 15:44 | Scout Tower |
| 16:09 | Guard Tower |
| 16:56 | Peasant |
| 16:56 | Peasant |
| 16:56 | Peasant |
| 16:56 | Peasant |
| 16:56 | Peasant |
| 17:31 | Guard Tower |
| Right click | 529 |
| Select | 212 |
| Build/train/purchase | 201 |
| Select group | 107 |
| Misc. action | 31 |
| Resource trade | 15 |
| Chat | 6 |
| Assign group | 4 |
| Remove unit | 3 |
| Esc | 3 |
| Use ability | 2 |
| Minimap ping | 1 |
126 units @ 16.7k
/ 2k
60 buildings @ 8.8k
/ 3.5k

| Scroll of Regeneration | 2 | 200 |
| Lesser Clarity Potion | 1 | 70 |
| total: | 3 | 270g |
| Peasant | 20 | 1500 | / | 0 |
| Footman | 9 | 1215 | / | 0 |
| Gryphon Rider | 10 | 2800 | / | 700 |
| Dragonhawk Rider | 2 | 400 | / | 60 |
| total: | 41 | 5915g | / | 760w |
| Scout Tower | 6 | 180 | / | 120 |
| Guard Tower | 4 | 280 | / | 200 |
| Altar of Kings | 1 | 180 | / | 50 |
| Farm | 12 | 960 | / | 240 |
| Barracks | 2 | 320 | / | 120 |
| Arcane Vault | 1 | 130 | / | 30 |
| Town Hall | 2 | 770 | / | 410 |
| Lumber Mill | 1 | 120 | / | 0 |
| Blacksmith | 1 | 140 | / | 60 |
| Gryphon Aviary | 3 | 420 | / | 450 |
| Keep | 1 | 320 | / | 210 |
| Castle | 1 | 360 | / | 210 |
| total: | 29 | 3220g | / | 1480w |
| 0:01 | Peasant |
| 0:02 | Peasant |
| 0:05 | Altar of Kings |
| 0:10 | Farm |
| 0:13 | Peasant |
| 0:22 | Barracks |
| 0:35 | Farm |
| 0:44 | Peasant |
| 0:57 | Peasant |
| 1:03 | Peasant |
| 1:22 | Peasant |
| 1:24 | Footman |
| 1:30 | Farm |
| 1:45 | Footman |
| 1:54 | Peasant |
| 2:05 | Footman |
| 2:10 | Summon Water Elemental |
| 2:19 | Arcane Vault |
| 2:33 | Footman |
| 2:53 | Peasant |
| 2:53 | Peasant |
| 3:06 | Brilliance Aura |
| 3:18 | Peasant |
| 3:26 | Town Hall |
| 3:36 | Scroll of Regeneration |
| 3:45 | Farm |
| 3:57 | Lumber Mill |
| 4:32 | Footman |
| 4:37 | Barracks |
| 5:05 | Lesser Clarity Potion |
| 5:11 | Peasant |
| 5:11 | Peasant |
| 5:14 | Peasant |
| 5:14 | Peasant |
| 5:37 | Keep |
| 5:56 | Summon Water Elemental |
| 6:16 | Scout Tower |
| 6:17 | Scout Tower |
| 6:18 | Scout Tower |
| 6:18 | Scout Tower |
| 6:19 | Scout Tower |
| 6:19 | Scout Tower |
| 6:21 | Improved Lumber Harvesting |
| 6:23 | Peasant |
| 6:23 | Peasant |
| 6:24 | Peasant |
| 7:03 | Footman |
| 7:05 | Guard Tower |
| 7:07 | Guard Tower |
| 7:08 | Guard Tower |
| 7:31 | Footman |
| 7:40 | Blacksmith |
| 7:42 | Guard Tower |
| 7:47 | Peasant |
| 7:47 | Peasant |
| 8:21 | Brilliance Aura |
| 8:24 | Castle |
| 8:27 | Advanced Lumber Harvesting |
| 8:51 | Footman |
| 8:55 | Iron Forged Swords |
| 8:59 | Gryphon Aviary |
| 9:01 | Gryphon Aviary |
| 9:08 | Footman |
| 9:43 | Gryphon Aviary |
| 10:16 | Studded Leather Armor |
| 10:45 | Gryphon Rider |
| 10:52 | Summon Water Elemental |
| 11:00 | Storm Hammers |
| 11:13 | Farm |
| 11:14 | Farm |
| 11:15 | Farm |
| 11:20 | Farm |
| 11:22 | Farm |
| 11:24 | Steel Forged Swords |
| 11:37 | Gryphon Rider |
| 12:02 | Gryphon Rider |
| 12:05 | Gryphon Rider |
| 12:06 | Farm |
| 12:13 | Scroll of Regeneration |
| 12:39 | Gryphon Rider |
| 12:44 | Animal War Training |
| 13:21 | Gryphon Rider |
| 13:50 | Gryphon Rider |
| 14:11 | Mithril Forged Swords |
| 14:14 | Farm |
| 14:16 | Farm |
| 14:49 | Gryphon Rider |
| 14:50 | Gryphon Rider |
| 15:20 | Gryphon Rider |
| 15:49 | Cloud |
| 15:50 | Dragonhawk Rider |
| 16:38 | Town Hall |
| 16:49 | Dragonhawk Rider |
| 17:06 | Reinforced Leather Armor |
| Right click | 587 |
| Select | 276 |
| Select group | 222 |
| Build/train/purchase | 113 |
| Misc. action | 93 |
| Assign group | 28 |
| Use ability | 17 |
| Chat | 14 |
| Minimap ping | 6 |
| Item give/drop | 4 |
| Remove unit | 2 |



| Healing Salve | 4 | 400 |
| Orb of Lightning | 2 | 750 |
| Lesser Clarity Potion | 4 | 280 |
| Potion of Mana | 4 | 800 |
| Potion of Healing | 1 | 150 |
| Scroll of Healing | 1 | 250 |
| Scroll of Town Portal | 1 | 350 |
| Boots of Speed | 1 | 250 |
| Potion of Lesser Invulnerability | 1 | 150 |
| Scroll of Protection | 1 | 150 |
| Scroll of Regeneration | 1 | 100 |
| total: | 21 | 3630g |
| Peon | 18 | 1350 | / | 0 |
| Troll Headhunter | 10 | 1400 | / | 200 |
| Troll Berserker | 8 | 1120 | / | 160 |
| Shaman | 5 | 650 | / | 100 |
| Troll Witch Doctor | 4 | 580 | / | 100 |
| Wind Rider | 2 | 530 | / | 80 |
| Kodo Beast | 2 | 510 | / | 120 |
| total: | 49 | 6140g | / | 760w |
| Orc Burrow | 8 | 1280 | / | 320 |
| Barracks | 3 | 540 | / | 150 |
| War Mill | 1 | 205 | / | 0 |
| Altar of Storms | 1 | 180 | / | 50 |
| Great Hall | 1 | 385 | / | 185 |
| Voodoo Lounge | 1 | 130 | / | 30 |
| Spirit Lodge | 2 | 300 | / | 300 |
| Beastiary | 1 | 145 | / | 140 |
| Stronghold | 1 | 315 | / | 190 |
| Fortress | 1 | 325 | / | 190 |
| total: | 18 | 3165g | / | 1175w |
| 0:02 | Peon |
| 0:02 | Peon |
| 0:12 | Peon |
| 0:18 | Orc Burrow |
| 0:21 | Peon |
| 0:21 | Peon |
| 0:33 | Barracks |
| 0:38 | Peon |
| 0:51 | War Mill |
| 1:04 | Altar of Storms |
| 1:13 | Peon |
| 1:30 | Peon |
| 1:39 | Orc Burrow |
| 1:45 | Peon |
| 2:00 | Peon |
| 2:03 | Troll Headhunter |
| 2:16 | Peon |
| 2:30 | Troll Headhunter |
| 2:50 | Stronghold |
| 3:03 | Shockwave |
| 3:06 | Troll Headhunter |
| 3:19 | Troll Headhunter |
| 3:48 | Troll Headhunter |
| 4:08 | Great Hall |
| 4:24 | Endurance Aura |
| 4:28 | Orc Burrow |
| 4:37 | Troll Headhunter |
| 4:54 | Scroll of Regeneration |
| 5:16 | Barracks |
| 5:21 | Voodoo Lounge |
| 5:32 | Breath of Fire |
| 5:51 | Troll Headhunter |
| 6:03 | Fortress |
| 6:13 | Shockwave |
| 6:23 | Healing Salve |
| 6:23 | Healing Salve |
| 6:26 | Troll Regeneration |
| 6:31 | Peon |
| 6:50 | Peon |
| 6:51 | Peon |
| 6:51 | Peon |
| 7:03 | Orc Burrow |
| 7:43 | Drunken Haze |
| 7:49 | Troll Headhunter |
| 8:22 | Troll Headhunter |
| 8:37 | Berserker Upgrade |
| 8:38 | Spirit Lodge |
| 8:39 | Beastiary |
| 8:58 | Troll Headhunter |
| 9:03 | Spirit Lodge |
| 9:29 | Orb of Lightning |
| 9:30 | Lesser Clarity Potion |
| 9:30 | Lesser Clarity Potion |
| 9:37 | Potion of Mana |
| 9:37 | Potion of Mana |
| 9:37 | Potion of Healing |
| 9:53 | Chain Lighting |
| 9:56 | Shaman Adept Training |
| 9:56 | Witch Doctor Adept Training |
| 9:59 | War Drums Damage Increase |
| 10:03 | Healing Salve |
| 10:03 | Healing Salve |
| 10:09 | Orc Burrow |
| 10:10 | Peon |
| 10:10 | Peon |
| 10:10 | Peon |
| 10:22 | Boots of Speed |
| 10:38 | Breath of Fire |
| 10:57 | Troll Berserker |
| 11:03 | Potion of Lesser Invulnerability |
| 11:03 | Scroll of Healing |
| 11:03 | Scroll of Protection |
| 11:08 | Endurance Aura |
| 11:12 | Shaman Master Training |
| 11:15 | Shaman |
| 11:15 | Troll Witch Doctor |
| 11:24 | Troll Berserker |
| 11:48 | Feral Spirit |
| 11:55 | Troll Berserker |
| 12:00 | Witch Doctor Master Training |
| 12:00 | Troll Witch Doctor |
| 12:07 | Scroll of Town Portal |
| 12:10 | Orb of Lightning |
| 12:49 | Reinforced Defenses |
| 13:59 | Troll Berserker |
| 14:04 | Drunken Haze |
| 14:28 | Orc Burrow |
| 14:29 | Orc Burrow |
| 14:30 | Orc Burrow |
| 14:54 | Chain Lighting |
| 16:02 | Troll Berserker |
| 16:02 | Troll Berserker |
| 16:09 | Shockwave |
| 16:14 | Lesser Clarity Potion |
| 16:14 | Lesser Clarity Potion |
| 16:16 | Potion of Mana |
| 16:18 | Potion of Mana |
| 16:26 | Shaman |
| 16:26 | Shaman |
| 16:26 | Shaman |
| 16:28 | Shaman |
| 16:28 | Troll Witch Doctor |
| 16:28 | Troll Witch Doctor |
| 16:29 | Wind Rider |
| 16:29 | Wind Rider |
| 16:31 | Kodo Beast |
| 16:31 | Kodo Beast |
| 17:07 | Troll Berserker |
| 17:07 | Troll Berserker |
| 17:09 | Barracks |
| 17:45 | Feral Spirit |
| Select group | 1063 |
| Right click | 987 |
| Select | 820 |
| Misc. action | 182 |
| Build/train/purchase | 135 |
| Use ability | 54 |
| Assign group | 27 |
| Item give/drop | 7 |
| Remove unit | 6 |
| Resource trade | 6 |
| Esc | 1 |
| Minimap ping | 1 |


| Lesser Clarity Potion | 5 | 350 |
| Healing Salve | 5 | 500 |
| Scroll of Speed | 1 | 50 |
| Potion of Healing | 1 | 150 |
| Potion of Lesser Invulnerability | 1 | 150 |
| total: | 13 | 1200g |
| Peon | 19 | 1425 | / | 0 |
| Grunt | 4 | 800 | / | 0 |
| Wind Rider | 3 | 795 | / | 120 |
| Troll Batrider | 10 | 1600 | / | 400 |
| total: | 36 | 4620g | / | 520w |
| Altar of Storms | 1 | 180 | / | 50 |
| Orc Burrow | 5 | 800 | / | 200 |
| Barracks | 1 | 180 | / | 50 |
| Voodoo Lounge | 1 | 130 | / | 30 |
| War Mill | 2 | 410 | / | 0 |
| Great Hall | 1 | 385 | / | 185 |
| Beastiary | 2 | 290 | / | 280 |
| Stronghold | 1 | 315 | / | 190 |
| Fortress | 2 | 650 | / | 380 |
| total: | 13 | 2375g | / | 795w |
| 0:02 | Peon |
| 0:02 | Peon |
| 0:02 | Peon |
| 0:07 | Altar of Storms |
| 0:18 | Orc Burrow |
| 0:27 | Peon |
| 0:33 | Barracks |
| 0:50 | Peon |
| 0:58 | Peon |
| 1:29 | Orc Burrow |
| 1:37 | Grunt |
| 1:55 | Voodoo Lounge |
| 2:22 | Grunt |
| 2:27 | Wind Walk |
| 2:43 | Grunt |
| 3:30 | Stronghold |
| 4:07 | Grunt |
| 4:17 | Lesser Clarity Potion |
| 4:17 | Healing Salve |
| 4:20 | Scroll of Speed |
| 4:21 | Lesser Clarity Potion |
| 4:21 | Healing Salve |
| 4:38 | Orc Burrow |
| 5:39 | War Mill |
| 6:51 | Fortress |
| 6:55 | Beastiary |
| 6:58 | Beastiary |
| 7:14 | Healing Wave |
| 7:41 | Lesser Clarity Potion |
| 7:42 | Healing Salve |
| 8:06 | Wind Rider |
| 8:39 | Great Hall |
| 8:53 | Steel Ranged Weapons |
| 8:55 | Reinforced Defenses |
| 9:06 | Critical Strike |
| 9:15 | Wind Rider |
| 9:18 | Hex |
| 9:33 | Peon |
| 10:10 | Potion of Lesser Invulnerability |
| 10:20 | Orc Burrow |
| 10:21 | Steel Armor |
| 10:21 | Thorium Ranged Weapons |
| 10:54 | Healing Salve |
| 10:55 | Lesser Clarity Potion |
| 11:01 | Healing Salve |
| 11:01 | Lesser Clarity Potion |
| 11:07 | Potion of Healing |
| 11:16 | Peon |
| 11:16 | Peon |
| 12:36 | Wind Rider |
| 12:53 | Troll Batrider |
| 12:53 | Troll Batrider |
| 13:11 | Peon |
| 13:11 | Peon |
| 13:37 | Troll Batrider |
| 13:44 | Troll Batrider |
| 13:58 | Peon |
| 13:58 | Peon |
| 15:02 | Troll Batrider |
| 15:06 | Orc Burrow |
| 15:08 | Arcanite Ranged Weapons |
| 15:09 | Peon |
| 15:09 | Peon |
| 15:09 | Peon |
| 15:13 | Peon |
| 15:34 | Troll Batrider |
| 15:54 | Troll Batrider |
| 16:08 | Peon |
| 16:08 | Peon |
| 17:07 | Troll Batrider |
| 17:08 | Fortress |
| 17:13 | Critical Strike |
| 17:28 | Troll Batrider |
| 17:41 | War Mill |
| 17:46 | Troll Batrider |
| Right click | 423 |
| Select | 385 |
| Select group | 165 |
| Build/train/purchase | 114 |
| Use ability | 31 |
| Assign group | 25 |
| Item give/drop | 5 |
| Minimap ping | 5 |
| Remove unit | 3 |